 Dungeon Crawl Stone Soup version 0.13.0-21-ge43020b (webtiles) character file.

96 Ragg the Ruinous (level 3, 0/19 HPs)
             Began as a Deep Elf Conjurer on Oct 26, 2013.
             Succumbed to an adder's poison
             ... while paralysed by a potion of paralysis
             ... on Level 3 of the Dungeon.
             The game lasted 00:08:08 (1705 turns).

Ragg the Ruinous (Deep Elf Conjurer)                Turns: 1705, Time: 00:08:08

HP   0/19        AC  2     Str  7 (10) XL: 3   Next:  0%
MP   7/10        EV  2     Int 20      God:
Gold 68          SH  0     Dex 15      Spells:  2 memorised,  4 levels left

Res.Fire  : . . .   See Invis. : .   j - +0 whip
Res.Cold  : . . .   Warding    : .   a - +0 elf robe
Life Prot.: . . .   Conserve   : .   (no shield)
Res.Poison: .       Res.Corr.  : .   m - +0 wizard hat
Res.Elec. : .       Clarity    : .   (no cloak)
Sust.Abil.: . .     Spirit.Shd : .   (no gloves)
Res.Mut.  : .       Stasis     : .   (no boots)
Res.Rott. : .       Flight     : .   (no amulet)
Saprovore : . . .                    (no ring)
                                     (no ring)

@: paralysed, mighty, mildly poisoned, slightly resistant to hostile
enchantments, fairly stealthy
A: no striking features
a: no special abilities


You were on level 3 of the Dungeon.
You were hungry.

You visited 1 branch of the dungeon, and saw 3 of its levels.

You collected 48 gold pieces.

Inventory:

Hand weapons
 j - a +0,+0 whip (weapon)
Missiles
 e - 17 stones (quivered)
 g - 8 darts
Armour
 a - a +0 elven robe (worn)
 m - a +0 wizard hat (worn)
Comestibles
 b - 2 bread rations
 r - an apple
Scrolls
 h - 3 scrolls of remove curse {unknown}
 o - a scroll of identify {unknown}
 p - a scroll of enchant weapon I {unknown}
 q - a scroll of recharging {unknown}
Potions
 f - a potion of magic {unknown}
 i - a potion of curing {unknown}
 k - a potion of might
 l - a potion of agility {unknown}
 n - 2 potions of degeneration
Books
 c - a book of Conjurations

   Spells                             Type                      Level
   *Magic Dart                        Conjuration                  1
   *Searing Ray                       Conjuration                  2
   Dazzling Spray                     Conjuration/Hexes            3
   Iskenderun's Mystic Blast          Conjuration                  4
   Iskenderun's Battlesphere          Conjuration/Charms           4
   Fulminant Prism                    Conjuration/Hexes            5


   Skills:
 - Level 2.4 Dodging
 - Level 2.4 Stealth
 + Level 2.7 Spellcasting
 + Level 5.0 Conjurations


You had 4 spell levels left.
You knew the following spells:

 Your Spells              Type           Power        Failure   Level  Hunger
a - Magic Dart            Conj           ###.         1%          1    None
b - Searing Ray           Conj           ###...       2%          2    ##.....


Dungeon Overview and Level Annotations

Branches:
Dungeon (3/27)

Altars:

Annotations:
D:2 Sigmund


Message History

Aiming: Magic Dart
Press: ? - help, Shift-Dir - straight line, f/p - adder
Aim: an adder (moderately wounded)
The magic dart hits the adder.
The adder is moderately wounded.
You feel sick. The adder bites you.
Drink which item? (? for menu, Esc to quit)
There was something very wrong with that liquid!
You feel weakened.
It was a potion of degeneration.
The adder bites you.
* * * LOW HITPOINT WARNING * * *
Unknown command.
Drink which item? (? for menu, Esc to quit)
You feel very mighty all of a sudden.
It was a potion of might.
The adder barely misses you. The adder bites you.
* * * LOW HITPOINT WARNING * * *
Unknown command.
Drink which item? (? for menu, Esc to quit)
You suddenly lose the ability to move!
It was a potion of paralysis.
You die...

#.#.....#######
#.#.#.........#
#.#.#..>..###.#
#.#.#...#...#.#
#.#.##..#<....#
#.#.....#.#####.#
#.#####.#.$.....#
#.......#########
#######@#
..$....S.#
#######.# #.# #.#
#.# #.# #.. #.#


You could see an adder.

Vanquished Creatures
  A gnoll (D:1)
  An ooze (D:1)
  A giant cockroach (D:2)
  4 hobgoblins
  3 bats (D:1)
  A giant gecko (D:1)
  A giant newt (D:1)
  A goblin (D:2)
  5 kobolds
  A rat (D:1)
19 creatures vanquished.

Notes
Turn   | Place    | Note
--------------------------------------------------------------
     0 | D:1      | Ragg, the Deep Elf Conjurer, began the quest for the Orb.
     0 | D:1      | Reached XP level 1. HP: 10/10 MP: 4/4
     0 | D:1      | Ragg: Gonna conjure some crap
     0 | D:1      | bongbaron: focus conj/spellcasting both
     0 | D:1      | bongbaron: get battlesphere online
     0 | D:1      | Ragg: ok
     0 | D:1      | bongbaron: and then everything dies to magic darts
     0 | D:1      | Ragg: sounds epic
     0 | D:1      | bongbaron: because ur piddly magic darts triggers the orbs Mighty Blasts
     0 | D:1      | bongbaron: and then eventully u get mystic orb and then everything including hydras and orc knights dies to battlesphere + that
     8 | D:1      | Ragg: Nice
     8 | D:1      | tripwire: cystic orb
     8 | D:1      | bongbaron: you can safely shoot any spell thru the battlesphere in corridors btw
     8 | D:1      | Ragg: Orb.
    15 | D:1      | bongbaron: it needs LOS to shoot at a monster tho
    50 | D:1      | tripwire: cattlesphere.
   102 | D:1      | Ragg: whoa nice range
   143 | D:1      | bongbaron: another weird tip: put the orb between you and an orc wizard in a corridor and it absorbs all his low level elemental spells (its resistant) and lets u shoot him
   152 | D:1      | tripwire: magic dart is the best starting spell
   152 | D:1      | bongbaron: its sooo good
   168 | D:1      | bongbaron: max range
   170 | D:1      | bongbaron: ALWAYS hits
   171 | D:1      | bongbaron: run
   176 | D:1      | bongbaron: run until it recharges
   180 | D:1      | bongbaron: then blast
   186 | D:1      | bongbaron: blast it
   191 | D:1      | bongbaron: b/c it also regens
   191 | D:1      | bongbaron: its hp
   191 | D:1      | Reached XP level 2. HP: 12/15 MP: 1/7
   192 | D:1      | Ragg: oh
   192 | D:1      | Ragg: I did it
   192 | D:1      | Ragg: Thanks.
   193 | D:1      | bongbaron: i had to jog around a block of wall being chased by a hobgoblin + bat for like
   196 | D:1      | tripwire: Ragg
   200 | D:1      | bongbaron: three minutes
   205 | D:1      | tripwire: good job
   206 | D:1      | bongbaron: on this streaking guy
   206 | D:1      | bongbaron: lol
   207 | D:1      | Ragg: lol
   207 | D:1      | Ragg: Thanks all.
   207 | D:1      | bongbaron: memorize searing ray u dont got the mana for it ye t but its real strongk troo
   210 | D:1      | Learned a level 2 spell: Searing Ray
   210 | D:1      | tripwire: sugar ray
   210 | D:1      | bongbaron: sorry if im not suht up or preachy just tryign 2 be a nub helper
   210 | D:1      | Ragg: whats it do
   210 | D:1      | Ragg: No its cool dude
   210 | D:1      | Ragg: I appreciate it
   210 | D:1      | bongbaron: it shoots an irresistable goku beam
   244 | D:1      | tripwire: i'm guessing it sears ray
   244 | D:1      | bongbaron: you sit still and it keeps shooting
   284 | D:1      | bongbaron: using more mana every turn
   284 | D:1      | Ragg: nice
   284 | D:1      | bongbaron: and on last turn it penetrates
   439 | D:1      | tripwire: Ragg The Ruinous
   475 | D:1      | Ragg: im a beast
   477 | D:1      | tripwire: thers a snail
   477 | D:1      | tripwire: on the map
   477 | D:1      | bongbaron: decj is all about annihilating things before they even touch u
   477 | D:1      | bongbaron: lol
   477 | D:1      | Ragg: what
   477 | D:1      | Ragg: oh
   477 | D:1      | Ragg: right
   477 | D:1      | Ragg: lol
   530 | D:1      | bongbaron: if things get in melee your in trouble
   603 | D:1      | bongbaron: (if your out of power)
   609 | D:1      | bongbaron: but like
   629 | D:1      | bongbaron: my dude is doing la;ir 7 w/ battlesphere and stone arrow now
   629 | D:1      | Ragg: I put on my robe and wizard hat
   629 | D:1      | tripwire: cool hat
   637 | D:1      | bongbaron: and literly everything does before it gets in melee
   639 | D:1      | bongbaron: woot full kit
   800 | D:1      | tripwire: oh this dude ddoesnt start with blink. thats tough
   800 | D:1      | Ragg: do you not bother with weapons at all on decj
   885 | D:1      | tripwire: yeah
   901 | D:1      | bongbaron: yea
   901 | D:1      | tripwire: dont let ppl get within 2 squares of u
   901 | D:1      | tripwire: is the idea
   911 | D:1      | tripwire: maximum blast
   911 | D:1      | bongbaron: you shold never be meleeing things except like, on level 1
   913 | D:1      | bongbaron: even on xlvl one
   914 | D:1      | Reached skill level 5 in Conjurations
   951 | D:1      | bongbaron: youre better off with spells
   959 | D:1      | bongbaron: WELL
   982 | D:1      | bongbaron: if you find a dagger of venom
  1033 | D:1      | bongbaron: and get mephitic cloud
  1034 | D:1      | tripwire: Sad Blaster
  1101 | D:1      | bongbaron: then by all means poison stab things when theyre confused
  1280 | D:2      | bongbaron: but dont try and fight things in close combat that are fighting back, as a deep elf
  1404 | D:2      | Ragg: This class is cool
  1516 | D:2      | tripwire: its teh ultiumate glass cannon
  1600 | D:2      | bongbaron: yep
  1636 | D:2      | bongbaron: its the troll berserker of spellcasters
  1640 | D:2      | Noticed Sigmund
  1642 | D:2      | Ragg: Nice i love it
  1642 | D:2      | tripwire: its not bad to take STR on lvl up
  1642 | D:2      | bongbaron: its a power combo, would be good for first win
  1642 | D:2      | Ragg: With auto eat chunks troll berserker is so low effort, i love it
  1642 | D:2      | tripwire: since ur so weak ull quickly run into burden
  1642 | D:2      | bongbaron: yeah i usually take str up to 8 or 9
  1642 | D:2      | Reached XP level 3. HP: 19/19 MP: 7/10
  1643 | D:2      | bongbaron: before dumping rest into int
  1643 | D:2      | Ragg: oh
  1643 | D:2      | Ragg: ok ill do that
  1645 | D:2      | bongbaron: plus now str helps with armour so even tho leather armour is already almost no penalty
  1645 | D:2      | tripwire: SIGMUND
  1645 | D:2      | tripwire: careful ragg
  1645 | D:2      | bongbaron: run
  1645 | D:2      | tripwire: hes bad news
  1645 | D:2      | bongbaron: dont fight him
  1645 | D:2      | Ragg: ya
  1645 | D:2      | bongbaron: just run downstairs
  1649 | D:2      | bongbaron: come back with battlesphere
  1659 | D:3      | bongbaron: battlesphere and mystic blast if you dont have see invis
  1703 | D:3      | bongbaron: i dont think itll shoot at invis things unless u see them too
  1703 | D:3      | Ragg: oh fuck
  1704 | D:3      | Ragg: Sun of a
  1704 | D:3      | bongbaron: try 2pot stack
  1705 | D:3      | bongbaron: if u die just roll another
  1705 | D:3      | bongbaron: hrm
  1705 | D:3      | Ragg: Bitch ass potions
  1705 | D:3      | bongbaron: chug
  1705 | D:3      | bongbaron: lol
  1705 | D:3      | bongbaron: chug or die
  1705 | D:3      | tripwire: quaff like your life depends
  1705 | D:3      | Paralysed by a potion of paralysis for 5 turns
  1705 | D:3      | Succumbed to an adder's poison

Action                   || total
-------------------------++-------
 Cast: Magic Dart        ||    44
  Use: Potion            ||     3
